 Dungeon Crawl Stone Soup version 0.30-b1-2-g02819fbbbe (webtiles) character file.

Game seed: 17198166565879037708

106 Alarkh the Digger (level 4, 30/30 HPs)
             Began as a Demonspawn Earth Elementalist on May 30, 2023.
             Got out of the dungeon alive.
             The game lasted 00:03:08 (2097 turns).

Alarkh the Digger (Demonspawn Earth Elementalist)   Turns: 2097, Time: 00:03:08

Health: 30/30      AC:  2    Str:  8    XL:     4   Next: 55%
Magic:  8/8        EV: 11    Int: 22    God:
Gold:   41         SH:  4    Dex: 14    Spells: 8/9 levels left

rFire   . . .        e - +1 dagger (drain)
rCold   . . .        n - +1 buckler "Bequokun" {*Corrode rPois rN+ Int+4}
rNeg    + . .        a - +0 robe
rPois   +            (no helmet)
rElec   .            (no cloak)
rCorr   .            (no gloves)
SInv    .            (no boots)
Will    .....        (no amulet)
Stlth   ++           (no ring)
HPRegen 0.25/turn    (no ring)
MPRegen 0.11/turn

%: corrode self (3%)
@: no status effects
A: ignite blood 1
a: no special abilities


You escaped.
You visited 1 branch of the dungeon, and saw 3 of its levels.

You collected 131 gold pieces.
You spent 90 gold pieces at shops.

Inventory:

Hand Weapons
 e - a +1 dagger of draining (weapon)
Missiles
 l - 6 poisoned darts
Armour
 a - a +0 robe (worn)
 n - the +1 buckler "Bequokun" (worn) {*Corrode rPois rN+ Int+4}
   (You found it on level 2 of the Dungeon)

   Int:       It affects your intelligence (+4).
   rPois:     It protects you from poison.
   rN:        It protects you from negative energy.
   *Corrode:  It may corrode you when you take damage.
Scrolls
 b - a scroll of teleportation {unknown}
 c - a scroll of blinking
 g - a scroll of magic mapping
 h - a scroll of brand weapon {unknown}
 i - a scroll of vulnerability {unknown}
 j - a scroll of enchant armour
 k - a scroll of amnesia {unknown}
Potions
 d - 2 potions of attraction
 f - a potion of brilliance
 m - 2 potions of might


   Skills:
 - Level 1.7 Dodging
 - Level 1.7 Stealth
 + Level 3.0 Spellcasting
 - Level 0.8 Transmutations
 * Level 4.3 Earth Magic


You had 8 spell levels left.
You knew the following spells:

 Your Spells              Type           Power      Damage    Failure   Level
a - Sandblast             Erth           44%        2d11      3%          1

Your spell library contained the following spells:

 Spells                   Type           Power      Damage    Failure   Level
 Passwall                 Tmut/Erth      11%        N/A       11%         2
 Summon Small Mammal      Summ           12%        N/A       21%         1
 Stone Arrow              Conj/Erth      24%        3d8       26%         3
 Ensorcelled Hibernation  Hex/Ice        6%         N/A       30%         2
 Call Canine Familiar     Summ           3%         N/A       52%         3
 Summon Guardian Golem    Hex/Summ       3%         N/A       52%         3
 Swiftness                Air            3%         N/A       52%         3
 Petrify                  Tmut/Erth      14%        N/A       56%         4


Dungeon Overview and Level Annotations

Branches:
Dungeon (3/15)

Altars:
Hepliaklqana

Shops:
D:2 ?


Innate Abilities, Weirdness & Mutations

Your demonic aura sometimes causes spilled blood to erupt in flames.


Message History

Aim: a giant cockroach (moderately wounded, 83% to hit)
The blast of sand hits the giant cockroach!
You kill the giant cockroach!
The giant cockroach closely misses you.
Casting: Sandblast (safe; 3% risk of failure)
Confirm with . or Enter, or press ? or * to list all spells.
Aiming: Sandblast (safe; 3% risk of failure)
Press: ? - help, Shift-Dir - straight line, f - giant cockroach
Aim: a giant cockroach (83% to hit)
The blast of sand hits the giant cockroach.
You kill the giant cockroach!
Casting: Sandblast (safe; 3% risk of failure)
Confirm with . or Enter, or press ? or * to list all spells.
You can't see any susceptible monsters within range! (Use Z to cast anyway.)
There is a collapsed entrance here.
Things that are here:
a quokka corpse; a quokka corpse HP restored.
Magic restored.
You enter the shallow water.
Moving in this stuff is going to be slow.
You enter the shallow water.
Moving in this stuff is going to be slow.
You enter the shallow water.
Moving in this stuff is going to be slow.
Found a faded altar of an unknown god.
You open the door.
Found a hazy altar of Hepliaklqana.
There is a stone staircase leading up here.
You climb upwards.
There is a stone staircase leading down here.
You open the door.
There is an open door here.
There is a stone staircase leading up here.
You climb upwards.
There is a stone staircase leading down here.
There is a staircase leading out of the dungeon here.
There is a staircase leading out of the dungeon here.
Are you sure you want to leave the Dungeon?
This will make you lose the game!
You have escaped!

.....).†#####...###############
>.........##.....>........(...#
........#.########.####.......#
........### #.## #.......#
........# ##.# #..#..###
###..##.#########.## #.###.#
#..##....#.#.###.# #.# ###
#..######.#.#.#.## #.# #..#
######@######.##### #..#
##.#.#.#.#....># ##.#
#.###.#.#......# ### #.######
##.#######.....###.. #......#
#.## #......##.# #.....## ##.#
#......##.#
#.#....####.########....)....#
###..)...#.......#..............
#....#..#.........####.##.###.##


There were no monsters in sight!

Vanquished Creatures
  3 adders (D:2)
  2 worms (D:2)
  2 dart slugs
  4 ball pythons
  3 bats
  6 endoplasms
  8 giant cockroaches
  7 hobgoblins
  2 jackals (D:2)
  5 quokkas
  3 frilled lizards (D:3)
  9 goblins
  A kobold (D:1)
  7 rats
62 creatures vanquished.

Notes
Turn   | Place    | Note
-------+----------+-------------------------------------------
     0 | D:1      | Alarkh the Demonspawn Earth Elementalist began the quest
                  | for the Orb.
     0 | D:1      | Reached XP level 1. HP: 13/13 MP: 3/3
    54 | D:1      | Reached skill level 3 in Earth Magic
    70 | D:1      | Gained mutation: Your demonic aura sometimes causes spilled
                  | blood to erupt in flames. [demonic ancestry]
    70 | D:1      | Reached XP level 2. HP: 3/19 MP: 3/5
   491 | D:1      | Reached XP level 3. HP: 24/24 MP: 1/6
   695 | D:2      | Found Ruom's Magic Scroll Shoppe.
   698 | D:2      | Bought a scroll of blinking for 90 gold pieces
  1125 | D:2      | You fall into a shaft and drop 1 floor!
  1437 | D:3      | Reached skill level 4 in Earth Magic
  1501 | D:2      | Reached XP level 4. HP: 30/30 MP: 6/8
  1622 | D:2      | Identified the +1 buckler "Bequokun" {*Corrode rPois rN+
                  | Int+4}
  2018 | D:3      | Found a faded altar of an unknown god.
  2034 | D:3      | Found a hazy altar of Hepliaklqana.
  2097 | D:$      | Got out of the dungeon alive.

Illustrated notes

Levels and vault maps discovered:
D:1:      reono_arrival_mine, layout_rooms
D:2:      layout_loops_corners, serial_shops, nicolae_shop_behind_doors
D:3:      layout_basic, mainiacjoe_overflow_six_doors_small,
          grunt_dithmenos_smoke_and_mirrors, minitemple, gup_sewer_entry_pipe,
          chequers_ecumenical_altar_simple, grunt_ministairs_6,
          minmay_misc_feat_diagonals

Skill      XL: |  1  2  3  4 |
---------------+-------------+-----
Earth Magic    | 3 4 |  4.3
Spellcasting   | 3 |  3.0
Dodging        | |  1.7
Stealth        | |  1.7
Transmutations | |  0.8

Action                     |  1- 3 |  4- 6 || total
---------------------------+-------+-------++-------
  Melee: Unarmed           |    14 |       ||    14
         Dagger            |     5 |     1 ||     6
   Cast: Sandblast         |    61 |    17 ||    78
    Use: Potion            |     1 |       ||     1
         Scroll            |     4 |     1 ||     5
   Stab: Sleeping          |     1 |       ||     1
 Armour: Robe              |     3 |       ||     3
  Dodge: Dodged            |    22 |    10 ||    32
  Block: Buckler           |       |     3 ||     3
